 Dungeon Crawl Stone Soup version 0.31.0-12-g77e489cdc1 (webtiles) character file.

Game seed: 5852304844063680659

1299 lordive the Scratcher (level 8, 0/38 (39) HPs)
             Began as a Felid Shapeshifter on Mar 2, 2024.
             Slain by a wight
             ... wielding the +9 short sword of Fundamental Breach {flame, Str+3 Stlth+}
              (1 damage)
             ... on level 6 of the Dungeon.
             The game lasted 00:06:52 (4768 turns).

lordive the Scratcher (Felid Shapeshifter)          Turns: 4768, Time: 00:06:52

HP:   0/38 (39)     AC:  2    Str: 10    XL:     8   Next: 31%
MP:   9/9           EV: 19    Int: 15    God:
Gold: 182           SH:  0    Dex: 17    Spells: 7/7 levels left
                                        Lives: 0   Deaths: 3

rFire   . .          .
                       - Unarmed
rCold   . . .        (shield unavailable)
rNeg    . . .        (body armour unavailable)
rPois   .            (helmet unavailable)
rElec   .            (cloak unavailable)
rCorr   .            (gloves unavailable)
SInv    +            (boots unavailable)
Will    +....        (no amulet)
Stlth   +++          h - +4 ring of slaying
HPRegen 0.26/turn    (no ring)
MPRegen 0.11/turn

%: no passive effects
@: beast-form, lightly drained
A: beast (slay +2), very small, claws 1, fangs 3, see invisible, shaggy fur 2,
stealthy paws, no weapons or thrown items, no armour, multi-lived
a: Begin Untransformation


You were on level 6 of the Dungeon.
You were a hulking beast.
You visited 1 branch of the dungeon, and saw 6 of its levels.

You collected 182 gold pieces.

Inventory:

Jewellery
 h - a +4 ring of slaying (left paw)
 s - a ring of flight
 t - an amulet of guardian spirit
Talismans
 b - a beast talisman
 c - a flux talisman
 m - a blade talisman
Wands
 q - a wand of paralysis (10)
 r - a wand of polymorph (4)
Scrolls
 d - 5 scrolls of teleportation {unknown}
 f - a scroll of fear {unknown}
 k - 4 scrolls of identify {unknown}
 l - a scroll of fog {unknown}
 n - 2 scrolls of noise {unknown}
 p - a scroll of poison {unknown}
Potions
 a - a potion of lignification
 e - a potion of attraction {unknown}
 g - a potion of haste {unknown}
 i - 3 potions of might {unknown}
 j - a potion of berserk rage {unknown}
 o - a potion of resistance {unknown}
 u - a potion of curing {unknown}


   Skills:
 + Level 2.3 Fighting
 + Level 5.3 Dodging
 + Level 4.1 Stealth
 + Level 7.5 Unarmed Combat
 * Level 5.1 Shapeshifting


You had 7 spell levels left.
You didn't know any spells.
Your spell library was empty.

Dungeon Overview and Level Annotations

Branches:
Dungeon (6/15)
 Temple: D:4-7

Altars:
Gozag
Makhleb
Okawaru
Qazlal

Shops:
D:5 (


Innate Abilities, Weirdness & Mutations

You are a hulking beast.
Your limbs bulge with bestial killing power. (Slay +2)
You have sharp claws.
You have razor-sharp teeth.
You have supernaturally acute eyesight. (SInv)
You are covered in thick fur. (AC +2)
Your paws help you pounce on unaware monsters.
You are incapable of wielding weapons or throwing items.
You cannot wear armour.
You gain extra lives every three experience levels.


Message History

No target in view!
No target in view!
A scorpion is nearby!
You completely miss the scorpion. The scorpion stings you.
You scratch the scorpion.
The scorpion is moderately wounded.
The scorpion closely misses you.
You claw the scorpion!
The scorpion is almost dead.
The scorpion closely misses you.
You closely miss the scorpion.
The scorpion is almost dead.
The scorpion closely misses you.
You closely miss the scorpion. You bite the scorpion.
You kill the scorpion!
No target in view!
u - a fuming pink potion You see here a scorpion corpse.
A wight comes into view. It is wielding a +3 falchion.
A wight comes into view.
It is wielding the +9 short sword of Fundamental Breach {flame, Str+3 Stlth+}.
A wight comes into view. It is wielding a +0 morningstar.
The wight throws a stone.
The stone completely misses you.
A wight comes into view. It is wielding a +0 dagger.
The wight throws a stone.
The stone hits you. The wight hits you with a +3 falchion.
The wight throws a stone.
The stone hits you.
The wight throws a stone.
The stone closely misses you.
The wight hits you with the +9 short sword of Fundamental Breach {flame, Str+3 Stlth+}!
The wight burns you.
The wight throws a stone.
The stone completely misses you.
The wight throws a stone.
The stone closely misses you.
The wight throws a stone.
The stone hits you! The wight attacks as it pursues you!
The wight barely misses you. The wight misses you.
The wight attacks as it pursues you! The wight closely misses you.
The wight attacks as it pursues you!
The wight hits you with the +9 short sword of Fundamental Breach {flame, Str+3 Stlth+}!
* * * LOW HITPOINT WARNING * * *
You feel drained.
You die...

### ### #..# #.### ##...
###...#
#....####..#..######
##......#...##......#
#.#.....#..##.....8.#
..........zzh.......#
........zz.#.#......#
....#....######.#..##
.##.#......# ###..####
..........#######.....###
..............##........#
.....................#..#
..............##.....# ..
..............#......# .


You could see 4 wights.

Vanquished Creatures
  Menkaure (D:5)
  A black bear (D:4)
  3 centaurs (D:4)
  2 scorpions (D:6)
  A howler monkey (D:5)
  A hound (D:4)
  An orc priest (D:3)
  A bombardier beetle (D:4)
  A gnoll bouda (D:4)
  Terence (D:2)
  2 sleepcaps (D:5)
  Crazy Yiuf (D:5)
  2 iguanas
  Natasha (thrice) (D:2)
  2 orc wizards
  10 gnolls
  10 adders
  A white imp (D:5)
  3 dart slugs
  2 ribbon worms (D:3)
  11 orcs
  4 ball pythons
  11 endoplasms
  5 goblins
  9 hobgoblins
  7 jackals
  5 quokkas
  6 bats
  3 frilled lizards
  4 kobolds (D:1)
  7 rats
121 creatures vanquished.

Notes
Turn   | Place    | Note
-------+----------+-------------------------------------------
     0 | D:1      | lordive the Felid Shapeshifter began the quest for the Orb.
     0 | D:1      | Reached XP level 1. HP: 10/10 MP: 2/2
   123 | D:1      | Reached XP level 2. HP: 14/14 MP: 3/3
   301 | D:1      | Reached XP level 3. HP: 7/18 MP: 4/4
   947 | D:2      | Noticed Natasha
   950 | D:2      | Killed Natasha
   951 | D:2      | Reached XP level 4. HP: 20/22 MP: 5/5
   951 | D:2      | Gained a life (2 lives remaining)
  1254 | D:2      | Noticed Natasha
  1260 | D:2      | Killed Natasha
  1261 | D:2      | Reached skill level 1 in Stealth
  1261 | D:2      | Reached skill level 4 in Unarmed Combat
  1319 | D:2      | Reached XP level 5. HP: 19/25 MP: 6/6
  1364 | D:2      | Noticed Terence
  1374 | D:2      | Killed Terence
  1612 | D:2      | Noticed Natasha
  1623 | D:2      | Killed Natasha
  1912 | D:3      | Found a faded altar of an unknown god.
  2054 | D:3      | Killed from afar by an orc priest
  2054 | D:3      | Lost a life (1 life remaining)
  2165 | D:3      | Found a burning altar of Makhleb.
  2184 | D:3      | Reached skill level 5 in Unarmed Combat
  2187 | D:3      | Gained mutation: You are covered in thick fur. (AC +2)
                  | [Felid growth]
  2187 | D:3      | Reached XP level 6. HP: 30/30 MP: 7/7
  2837 | D:4      | Identified the +2 scale mail of Kikubaaqudgha's Pride {rC+
                  | Str+2 Int-4}
  2977 | D:3      | Reached XP level 7. HP: 10/33 MP: 8/8
  2977 | D:3      | Gained a life (2 lives remaining)
  3189 | D:4      | Reached skill level 6 in Unarmed Combat
  3322 | D:4      | HP: 1/33 [centaur (2)]
  3323 | D:4      | Slain by a centaur
  3323 | D:4      | Lost a life (1 life remaining)
  3442 | D:4      | Paralysed by a centaur for 3 turns
  3450 | D:4      | Shot with an arrow by a centaur
  3450 | D:4      | Lost a life (0 lives remaining)
  3608 | D:4      | Found a stormy altar of Qazlal.
  3916 | D:5      | Entered Level 5 of the Dungeon
  3958 | D:5      | Found Iphuib's Antique Weapon Boutique.
  3966 | D:5      | Reached skill level 5 in Dodging
  4080 | D:5      | Reached skill level 7 in Unarmed Combat
  4110 | D:5      | Reached XP level 8. HP: 39/39 MP: 9/9
  4250 | D:5      | Noticed Menkaure
  4255 | D:5      | Killed Menkaure
  4345 | D:5      | Found an iron altar of Okawaru.
  4345 | D:5      | Found an opulent altar of Gozag.
  4365 | D:5      | Found a runed translucent door.
  4366 | D:5      | Noticed Crazy Yiuf
  4482 | D:5      | Reached skill level 5 in Shapeshifting
  4579 | D:5      | Killed Crazy Yiuf
  4753 | D:6      | Identified the +9 short sword of Fundamental Breach {flame,
                  | Str+3 Stlth+}
  4768 | D:6      | HP: 1/39 [wight/the +9 short sword of Fundamental Breach
                  | {flame, Str+3 Stlth+} (13)]
  4768 | D:6      | Slain by a wight

Illustrated notes

Levels and vault maps discovered:
D:1:      giann_bridges, layout_basic, nicolae_kite_square_tiling_tiny,
          kennysheep_crisscross, minmay_pentomino_r2
D:2:      layout_basic, lemuel_flame_loot_1, uniq_terence, uniq_natasha
D:3:      minmay_skewed_foursquare, layout_basic,
          mainiacjoe_overflow_tiny_flanked, nicolae_ecumenical_oubliette
D:4:      layout_cave_pools, nicolae_qazlal_eye_of_the_storm,
          minmay_misc_feat_x, minmay_manual_mares
D:5:      layout_basic, gammafunk_temple_overflow_statue, serial_shops, shop,
          uniq_menkaure, uniq_crazy_yiuf_cottage
D:6:      layout_cave_pools, serial_column_ruins, column_ruins_hut,
          column_ruins_hut_water, column_ruins_grid_1, column_ruins_open_tiny,
          column_ruins_open_small_water, column_ruins_columns_corner

Skill      XL: |  1  2  3  4  5  6  7  8 |
---------------+-------------------------+-----
Shapeshifting  | 3 4 5 |  5.1
Dodging        | 3 4 5 |  5.3
Stealth        | 1 2 3 4 |  4.1
Unarmed Combat | 4 5 7 |  7.5
Fighting       | 2 |  2.3

Action                     |  1- 3 |  4- 6 |  7- 9 || total
---------------------------+-------+-------+-------++-------
  Melee: Unarmed           |    68 |   126 |    83 ||   277
         Bite              |     4 |    12 |    11 ||    27
         Punch             |     1 |     3 |     2 ||     6
    Use: Potion            |       |       |     1 ||     1
   Stab: Sleeping          |     4 |     2 |     3 ||     9
 Armour: Skin              |    21 |    39 |    59 ||   119
  Dodge: Dodged            |    61 |    97 |    84 ||   242
